 Dungeon Crawl Stone Soup version 0.20-a0-263-g81abdfb (webtiles) character file.

2293 yukitheduck the Geomancer (level 9, -4/74 HPs)
             Began as a Deep Dwarf Fire Elementalist on Dec 4, 2016.
             Was an Initiate of Nemelex Xobeh.
             Slain by Psyche
             ... wielding a +4 dagger of chaos
              (11 damage)
             ... while paralysed by Psyche
             ... on level 8 of the Dungeon.
             The game lasted 00:36:13 (9593 turns).

yukitheduck the Geomancer (DDFE)                    Turns: 9593, Time: 00:36:13

Health: -4/74      AC:  4    Str: 13    XL:     9   Next: 17%
Magic:  16/33      EV:  2    Int: 18    God:    Nemelex Xobeh [......]
Gold:   460        SH:  0    Dex: 13    Spells: 9/20 levels left

rFire  . . .     SeeInvis .     D - +2 whip (elec)
rCold  . . .     Gourm    .     a - +0 robe
rNeg   . . .     Faith    .     (no shield)
rPois  .         Spirit   .     u - +0 helmet
rElec  .         Reflect  .     (no cloak)
rCorr  .         Harm     .     m - +0 pair of gloves
MR     +....                    (no boots)
Stlth  ++........               (no amulet)
                                j - ring of magical power
                                e - ring of magical power

@: paralysed, lethally poisoned (-4 -> -4), very slightly contaminated,
non-regenerating, hasted and slowed, drained
A: damage resistance, recharge devices, sense surroundings 2, slow regeneration
3
a: Device Recharging, Renounce Religion


You were on level 8 of the Dungeon.
You worshipped Nemelex Xobeh.
Nemelex Xobeh was noncommittal.
You were hungry.

You visited 2 branches of the dungeon, and saw 9 of its levels.
You also visited: Sewer.

You collected 460 gold pieces.

Inventory:

Hand Weapons
 k - a +2 dagger of freezing
 D - a +2 whip of electrocution (weapon)
Armour
 a - a +0 robe (worn)
 m - a +0 pair of gloves (worn)
 u - a +0 helmet (worn)
Jewellery
 e - a ring of magical power (left hand)
 i - an uncursed ring of see invisible
 j - a ring of magical power (right hand)
Wands
 c - a wand of heal wounds (2/9)
 o - a wand of slowing (22/48)
 r - a wand of digging (14/24)
 s - a wand of random effects (6/48)
 w - a wand of flame (31/48)
 x - a wand of acid (0/15)
 y - a wand of enslavement (8/24)
 B - a wand of digging (14/24)
 C - a wand of acid (2/15)
 H - a wand of confusion (15/48)
Scrolls
 p - a scroll of amnesia
 t - 2 scrolls of remove curse
 v - 3 scrolls of random uselessness
 z - a scroll of enchant weapon
Potions
 f - 2 potions of lignification
 g - 2 potions of cancellation
 l - 5 potions of curing
 E - a potion of brilliance
Books
 b - a book of Flames

   Spells                             Type                      Level
   a - Flame Tongue                   Conjuration/Fire             1
   b - Throw Flame                    Conjuration/Fire             2
   c - Conjure Flame                  Conjuration/Fire             3
   d - Inner Flame                    Hexes/Fire                   3
   e - Sticky Flame                   Conjuration/Fire             4
   f - Fireball                       Conjuration/Fire             5
 q - a book of the Earth

   Spells                             Type                      Level
   a - Leda's Liquefaction            Hexes/Earth                  4
   b - Bolt of Magma                  Conjuration/Fire/Earth       5
   c - Statue Form                    Transmutation/Earth          6
   d - Iron Shot                      Conjuration/Earth            6
   e - Shatter                        Earth                        9
Miscellaneous
 A - a plain deck of escape
Comestibles
 d - 4 bread rations
 h - a royal jelly
 n - 4 meat rations
 F - 2 slices of pizza


   Skills:
 + Level 2.4(1.7) Fighting
 - Level 2.1(1.5) Dodging
 - Level 2.4(1.7) Stealth
 - Level 6.1(5.4) Spellcasting
 - Level 5.0(4.2) Conjurations
 - Level 5.0(4.2) Fire Magic
 - Level 8.1(7.2) Earth Magic


You had 9 spell levels left.
You knew the following spells:

 Your Spells              Type           Power        Failure   Level  Hunger
a - Flame Tongue          Conj/Fire      ###..        1%          1    None
b - Throw Flame           Conj/Fire      ###...       3%          2    #......
c - Conjure Flame         Conj/Fire      ###.....     10%         3    ##.....
d - Bolt of Magma         Conj/Fire/Erth ###.......   41%         5    ######.


Dungeon Overview and Level Annotations

Branches:
Dungeon (8/15)             Temple (1/1) D:7            Lair (0/6) D:8

Altars:
Ashenzari
Elyvilon
Gozag
Hepliaklqana
Kikubaaqudgha
Nemelex Xobeh
Okawaru
Qazlal
Ru
Sif Muna
Trog
Uskayaw
Vehumet
Xom
Yredelemnul
Zin
The Shining One

Shops:
D:7 }

Annotations:
D:8 Psyche


Innate Abilities, Weirdness & Mutations

You are resistant to damage.
You can recharge devices by infusing magical energy.
You passively map the area around you.
You do not regenerate.


Message History

Unknown command.
Unknown command.
Unknown command.
Unknown command.
Evoke which item? (* to show all) (? for menu, Esc to quit)
Zapping:
c - a wand of heal wounds (3/9)
Press: ? - help, Shift-Dir - straight line, f - you You feel much better.
This wand has 2 charges left.
You feel sick. Psyche hits you with a dagger of chaos! Psyche freezes you.
Psyche hits you with a dagger of chaos.
You suddenly lose the ability to move!
You feel sick. Psyche hits you but does no damage.
You feel as though you will be slow longer.
Psyche hits you but does no damage.
You feel drained.
You feel sick. Psyche hits you with a dagger of chaos.
You are electrocuted!
* * * LOW HITPOINT WARNING * * *
Psyche hits you with a dagger of chaos!
* * * LOW HITPOINT WARNING * * *
You are electrocuted!
You die...
Your body disappears without a glow.

5......###........#
* *
.............####.#,
* .............# #.#
, , .........# #.#*
* , * ####......#
#.# ,, , .......S..#
.# * ...S##r######.#
,, , .... #@#.......
*, ... #.@....... ,
, *###.......* * , ,
* ....... * , , ,
*..?.... * ,
*....... , ....... *
** #######


You could see Psyche, an adder and a quokka.

Vanquished Creatures
  Pikel (D:6)
  A sky beast (D:7)
  An ice beast (D:7)
  2 centaurs
  3 bullfrogs
  A water moccasin skeleton (D:5)
  3 wights (D:6)
  4 crimson imps
  2 centaur zombies
  A jelly (D:6)
  A gnoll shaman (D:6)
  3 hounds
  A bullfrog skeleton (D:5)
  A centaur skeleton (D:4)
  An iguana (D:4)
  4 orc wizards
  2 worker ants
  A hound skeleton (D:6)
  Robin (D:4)
  8 gnolls
  14 adders
  A river rat (D:3)
  A shadow imp (D:5)
  15 oozes
  An adder skeleton (D:7)
  A worm (D:4)
  3 dart slugs
  11 leopard geckos
  24 orcs
  18 ball pythons
  12 giant cockroaches
  15 goblins
  5 hobgoblins
  8 jackals
  5 quokkas
  A ball python skeleton (D:4)
  6 bats
  12 frilled lizards
  7 kobolds
  A quokka skeleton (D:6)
  20 rats
223 creatures vanquished.

Vanquished Creatures (others)
  A slave (D:6)
  A wight (D:6)
2 creatures vanquished.

Grand Total: 225 creatures vanquished

Notes
Turn   | Place    | Note
-------+----------+-------------------------------------------
     0 | D:1      | yukitheduck the Deep Dwarf Fire Elementalist began the quest for the Orb.
     0 | D:1      | Reached XP level 1. HP: 15/15 MP: 3/3
    11 | D:1      | Reached skill level 1 in Conjurations
   344 | D:1      | Reached XP level 2. HP: 22/22 MP: 5/5
   818 | D:1      | Learned a level 2 spell: Throw Flame
  1133 | D:1      | Reached XP level 3. HP: 28/28 MP: 7/7
  1783 | D:2      | Reached XP level 4. HP: 25/36 MP: 1/8
  2647 | D:3      | Found a glowing drain.
  2668 | Sewer    | Entered a sewer
  2806 | Sewer    | Learned a level 3 spell: Conjure Flame
  2835 | Sewer    | Reached XP level 5. HP: 42/43 MP: 9/9
  2913 | Sewer    | Reached skill level 1 in Fighting
  3175 | Sewer    | Learned a level 4 spell: Sticky Flame
  3292 | Sewer    | Reached XP level 6. HP: 46/51 MP: 10/10
  4532 | D:4      | You fall through a shaft!
  4532 | D:5      | Entered Level 5 of the Dungeon
  4558 | D:5      | Reached XP level 7. HP: 36/57 MP: 13/13
  4929 | D:4      | Learned a level 5 spell: Bolt of Magma
  4998 | D:4      | Reached skill level 5 in Conjurations
  5153 | D:4      | Noticed Robin
  5160 | D:4      | Killed Robin
  5160 | D:4      | Reached skill level 1 in Earth Magic
  5657 | D:5      | Reached skill level 2 in Earth Magic
  5952 | D:5      | Found a shattered altar of Ashenzari.
  6855 | D:6      | Reached skill level 5 in Spellcasting
  6855 | D:6      | Reached XP level 8. HP: 21/67 MP: 14/15
  7095 | D:6      | Found a sacrificial altar of Ru.
  7453 | D:6      | Reached skill level 3 in Earth Magic
  7494 | D:6      | Noticed Pikel
  7529 | D:6      | Killed Pikel
  7529 | D:6      | Reached skill level 7 in Earth Magic
  7741 | D:6      | Reached skill level 8 in Earth Magic
  8590 | D:6      | Reached skill level 5 in Fire Magic
  8688 | D:7      | Gained mutation: You passively map the area around you. [Deep Dwarf growth]
  8688 | D:7      | Reached XP level 9. HP: 52/73 MP: 10/16
  8923 | D:7      | Found a staircase to the Ecumenical Temple.
  8924 | D:7      | Found Qelaumat's Gadget Shoppe.
  8931 | Temple   | Entered the Ecumenical Temple
  9071 | Temple   | Became a worshipper of Nemelex Xobeh the Trickster
  9235 | D:7      | Received a gift from Nemelex Xobeh
  9539 | D:8      | Found a staircase to the Lair.
  9552 | D:8      | Noticed Psyche
  9591 | D:8      | Paralysed by Psyche for 6 turns
  9593 | D:8      | Slain by Psyche

Vault maps used:
D:1:      dpeg_arrival_prison, eino_curves_04, kennysheep_crisscross,
          minmay_misc_feat_hallway, serial_bayou_lagoon_a
D:2:      minmay_rat_gold_closets
D:3:      portal_sewer_entry_e
D:4:      hangedman_decor_riveting, uniq_robin
D:5:      evilmike_ruin_ashenzari, first_bread, minivault_11
D:6:      minmay_crystal_room, minmay_strange_pillars, hangedman_ru_absence,
          uniq_pikel
D:7:      serial_shops, shop, minivault_27
D:8:      lair_entry_dummy, uniq_prince_ribbit1, uniq_psyche
Temple:   eino_temple_rhombus
Sewer:    sewer_frog_island_02

Skill      XL: |  1  2  3  4  5  6  7  8  9 |
---------------+----------------------------+-----
Conjurations   | 1 2 3 4 5 |  5.0
Spellcasting   | 2 3 4 5 6 |  6.1
Fire Magic     | 3 4 5 |  5.0
Fighting       | 1 2 |  2.4
Earth Magic    | 2 8 |  8.1
Dodging        | |  2.1
Stealth        | |  2.4

Action                   |  1- 3 |  4- 6 |  7- 9 || total
-------------------------+-------+-------+-------++-------
Melee: Unarmed           |     5 |       |       ||     5
       Dagger            |     6 |    17 |    47 ||    70
       Whip              |       |       |    27 ||    27
 Cast: Flame Tongue      |    36 |    31 |    50 ||   117
       Throw Flame       |    29 |   115 |   230 ||   374
       Conjure Flame     |       |     2 |     1 ||     3
 Abil: Device Recharging |       |       |     3 ||     3
Evoke: Wand              |       |     2 |    19 ||    21
  Use: Scroll            |       |     5 |    11 ||    16
 Stab: Sleeping          |     1 |     4 |     1 ||     6
  Eat: Chunk             |     4 |    15 |    14 ||    33
       Beef jerky        |       |       |     3 ||     3
Armor: Robe              |     2 |     6 |    48 ||    56
Dodge: Dodged            |    22 |    27 |   117 ||   166
